 Dungeon Crawl Stone Soup version 0.27.1-33-g824d729ab1 (webtiles) character file.

Game seed: 6936471295055235696

333 zeram the Magician (level 6, -1/28 HPs)
             Began as a Spriggan Summoner on Dec 14, 2021.
             Killed by divine providence
             ... invoked by an orc priest
              (13 damage)
             ... on level 4 of the Dungeon.
             The game lasted 00:14:10 (5990 turns).

zeram the Magician (Spriggan Summoner)              Turns: 5990, Time: 00:14:10

Health: -1/28      AC:  4    Str:  4    XL:     6   Next: 27%
Magic:  6/15       EV: 22    Int: 25    God:
Gold:   126        SH:  0    Dex: 15    Spells: 11/16 levels left

rFire    . . .     SeeInvis +   b - +0 dagger
rCold    . . .     Faith    .   (shield restricted)
rNeg     . . .     Spirit   .   a - +0 robe
rPois    .         Reflect  .   (helmet restricted)
rElec    .         Harm     .   g - +1 cloak {Will+}
rCorr    .         Rampage  .   (gloves unavailable)
Will     ++...                  (boots unavailable)
Stlth    ++........             (no amulet)
HPRegen  0.09/turn              d - +4 ring of evasion
MPRegen  0.14/turn              c - +6 ring of intelligence

@: very quick
A: very small, no large weapons, unfitting armour, see invisible, speed 3
a: no special abilities


You were on level 4 of the Dungeon.
You visited 1 branch of the dungeon, and saw 4 of its levels.

You collected 126 gold pieces.

Inventory:

Hand Weapons
 b - a +0 dagger (weapon)
Armour
 a - a +0 robe (worn)
 g - a +1 cloak of willpower (worn)
Jewellery
 c - a +6 ring of intelligence (right hand)
 d - a +4 ring of evasion (left hand)
Scrolls
 i - 2 scrolls of vulnerability
 j - a scroll of immolation {unknown}
Potions
 e - a potion of lignification {unknown}
 f - a potion of curing
 h - a potion of degeneration {unknown}


   Skills:
 + Level 3.6 Dodging
 - Level 3.0 Stealth
 + Level 5.6 Spellcasting
 + Level 5.0 Summonings


You had 11 spell levels left.
You knew the following spells:

 Your Spells              Type           Power      Damage    Failure   Level
a - Call Imp              Summ           32%        N/A       1%          2
b - Call Canine Familiar  Summ           32%        N/A       3%          3

Your spell library contained the following spells:

 Spells                   Type           Power      Damage    Failure   Level
 Summon Small Mammal      Summ           100%       N/A       1%          1
 Summon Guardian Golem    Hex/Summ       19%        N/A       9%          3
 Gell's Gravitas          Tloc           3%         N/A       24%         3
 Lesser Beckoning         Tloc           3%         N/A       24%         3
 Teleport Other           Tloc           7%         N/A       24%         3
 Summon Lightning Spire   Summ/Air       19%        N/A       26%         4


Dungeon Overview and Level Annotations

Branches:
Dungeon (4/15)
 Temple: D:4-7

Altars:

Shops:
D:1 (


Innate Abilities, Weirdness & Mutations

You are very small and have problems with some larger weapons.
You are too small for most types of armour.
You have supernaturally acute eyesight. (SInv)
You cover ground extremely quickly. (Speed+++)


Message History

r - Retreat! s - Stop attacking. g - Guard the area. f - Follow me.
Anything else - Cancel.
Gang up on whom?
Press: ? - help, Dir - move target, f/p - orc priest
Aim: an orc priest, wielding a +0 hand axe and wearing a +3 ring mail (severely wounded, ally target) Attack!
Your hound bites the orc priest.
Your shadow imp hits the orc but does no damage.
The orc closely misses your crimson imp.
The orc closely misses your shadow imp.
The orc hits your hound with a +0 hand axe.
The orc hits your shadow imp with a +0 hand axe.
The hobgoblin hits your hound.
The orc priest barely misses your hound.
Your crimson imp hits the orc but does no damage.
Your hound bites the orc but does no damage.
Your shadow imp hits the orc but does no damage.
Your hound bites the orc but does no damage.
Your shadow imp hits the orc but does no damage.
The orc hits your crimson imp but does no damage.
The orc barely misses your shadow imp. The orc completely misses your hound.
The orc hits your shadow imp with a +0 hand axe.
The hobgoblin hits your hound.
Your hound dies!
Your hound's corpse disappears in a puff of smoke!
Your crimson imp blinks!
Your shadow imp closely misses the orc priest.
Casting: Call Imp (safe; 1% risk of failure)
Confirm with . or Enter, or press ? or * to list all spells.
The jackal barely misses your shadow imp.
The orc priest hits your shadow imp with a +0 hand axe. x2
The hobgoblin misses your shadow imp.
Your shadow imp barely misses the orc priest.
The jackal bites your shadow imp.
Your shadow imp dies!
Your shadow imp disappears in a puff of smoke!
The orc priest shouts!
The orc priest calls down the wrath of Beogh upon you.
Beogh smites you!
You die...

#.†.# #...# #.# #§..# # ...
#...# #< #.# ......
#####...#####.##.# )..>..
...............#.# # #J.....
........5........##.##.......
....................J........
####....#.####.#@#### .......
#..5.#.# #.#..o.##o......
#[...#.####...h..g.h#
#...5#.#........5oh.#
#...5#.#.####.##.####
#..#.5.....##.#....
###.####.#.##.#..### ###
#......#.5# ###.####...


You could see an orc priest (ally target), an orc (ally target), an endoplasm, 2
jackals, a hobgoblin, a friendly wolf (summoned) and a friendly shadow imp
(summoned).

Vanquished Creatures
  A hound (D:4)
  A dart slug (D:2)
  2 bats
  An endoplasm (D:2)
  A giant cockroach (D:2)
  6 goblins
  A hobgoblin (D:1)
  4 ball pythons
  5 frilled lizards
  A jackal skeleton (D:4)
  5 rats
28 creatures vanquished.

Vanquished Creatures (collateral kills)
  Grinder (D:2)
  An ogre (D:3)
  Crazy Yiuf (D:2)
  Terence (D:1)
  Natasha (thrice) (D:3)
  3 gnolls
  5 adders
  3 worms
  4 orcs (D:3)
  A bat (D:3)
  2 endoplasms
  A giant cockroach (D:1)
  10 goblins
  2 hobgoblins
  4 jackals (D:4)
  2 kobolds
  A ball python (D:3)
45 creatures vanquished.

Grand Total: 73 creatures vanquished

Notes
Turn   | Place    | Note
-------+----------+-------------------------------------------
     0 | D:1      | zeram the Spriggan Summoner began the quest for the Orb.
     0 | D:1      | Reached XP level 1. HP: 9/9 MP: 5/5
   721 | D:1      | Reached XP level 2. HP: 2/13 MP: 2/7
  1423 | D:1      | Found Soklauna's Antique Weapon Emporium.
  2182 | D:2      | Learned a level 2 spell: Call Imp
  2213 | D:2      | Found a runed translucent door.
  2214 | D:2      | Noticed Crazy Yiuf
  2482 | D:2      | Reached XP level 3. HP: 14/16 MP: 2/8
  2785 | D:2      | Noticed Terence
  2825 | D:1      | Killed Terence
  3178 | D:2      | Learned a level 3 spell: Call Canine Familiar
  3477 | D:2      | Killed Crazy Yiuf
  3478 | D:2      | Reached XP level 4. HP: 21/21 MP: 0/10
  3653 | D:3      | Noticed Grinder
  3837 | D:2      | Paralysed by Grinder for 2 turns
  3960 | D:2      | Killed Grinder
  3961 | D:2      | Reached XP level 5. HP: 24/24 MP: 3/13
  4205 | D:3      | Noticed Natasha
  4241 | D:3      | Killed Natasha
  4572 | D:3      | Reached skill level 5 in Spellcasting
  4865 | D:3      | Found a faded altar of an unknown god.
  4908 | D:3      | Noticed an ogre
  4928 | D:3      | Killed an ogre
  5208 | D:3      | Noticed Natasha
  5227 | D:3      | Reached XP level 6. HP: 17/28 MP: 9/14
  5231 | D:3      | Killed Natasha
  5542 | D:3      | Noticed Natasha
  5562 | D:3      | Killed Natasha
  5629 | D:4      | Identified the +1 leather armour "Vown" {Drain Int+4}
  5658 | D:4      | Reached skill level 5 in Summonings
  5990 | D:4      | Killed from afar by an orc priest

Illustrated notes

Levels and vault maps discovered:
D:1:      dpeg_arrival_rooms_b, layout_basic, serial_shops, shop, fountainhead,
          minmay_crystal_room, minmay_misc_feat_chi
D:2:      layout_basic, uniq_terence, uniq_crazy_yiuf_cottage
D:3:      layout_loops_cross, hellmonk_ecumenical_altar_prayer_group,
          minmay_ogre_servants, uniq_natasha, uniq_grinder
D:4:      layout_loops_cross, lemuel_round_altar, mainiacjoe_overflow_catwalk

Skill      XL: |  1  2  3  4  5  6 |
---------------+-------------------+-----
Spellcasting   | 3 4 5 |  5.6
Dodging        | 3 |  3.6
Summonings     | 4 5 |  5.0
Stealth        | |  3.0

Action                   |  1- 3 |  4- 6 || total
-------------------------+-------+-------++-------
Melee: Dagger            |    93 |    82 ||   175
       Unarmed           |     1 |       ||     1
 Cast: Summon Small Mamm |    19 |       ||    19
       Call Imp          |    24 |    45 ||    69
       Call Canine Famil |       |    11 ||    11
  Use: Scroll            |     3 |     2 ||     5
 Stab: Sleeping          |     6 |     4 ||    10
Armor: Robe              |    10 |    14 ||    24
Dodge: Dodged            |    95 |    95 ||   190
